 Dungeon Crawl Stone Soup version 0.27-a0-404-g4390dbc5be (webtiles) character file.

Game seed: 17253820903009253540

6 CryoSword the Covered (level 1, -2/20 HPs)
             Began as a Gnoll Wanderer on Feb 22, 2021.
             Slain by a hobgoblin
             ... wielding a +0 club
              (4 damage)
             ... on level 1 of the Dungeon.
             The game lasted 00:00:33 (105 turns).

CryoSword the Covered (Gnoll Wanderer)               Turns: 105, Time: 00:00:33

Health: -2/20      AC:  9    Str: 15    XL:     1   Next: 90%
Magic:  1/1        EV:  9    Int:  8    God:
Gold:   0          SH:  0    Dex: 10    Spells: 0/0 levels left

rFire    . . .     SeeInvis .   a - +0 club
rCold    . . .     Faith    .   (no shield)
rNeg     . . .     Spirit   .   c - +2 scale mail
rPois    .         Reflect  .   (no helmet)
rElec    .         Harm     .   (no cloak)
rCorr    .         Rampage  .   (no gloves)
Will     .....                  (no boots)
Stlth    ..........             (no amulet)
HPRegen  0.06/turn              (no ring)
MPRegen  0.07/turn              (no ring)

@: no status effects
A: distributed training, fangs 1, strong nose
a: no special abilities


You were on level 1 of the Dungeon.
You visited 1 branch of the dungeon, and saw 1 of its levels.

Inventory:

Hand Weapons
 a - a +0 club (weapon)
Armour
 c - a +2 scale mail (worn)
Potions
 b - 4 potions of curing {@q1}


   Skills:
 + Level 4.4 Fighting
 + Level 0.2 Short Blades
 + Level 0.2 Long Blades
 + Level 0.2 Axes
 + Level 0.2 Maces & Flails
 + Level 0.2 Polearms
 + Level 0.2 Staves
 + Level 0.2 Slings
 + Level 6.4 Bows
 + Level 0.2 Crossbows
 + Level 0.2 Throwing
 + Level 6.4 Armour
 + Level 0.2 Dodging
 + Level 0.2 Stealth
 + Level 0.2 Shields
 + Level 0.2 Unarmed Combat
 + Level 0.2 Spellcasting
 + Level 0.1 Conjurations
 + Level 0.1 Hexes
 + Level 0.1 Summonings
 + Level 0.1 Necromancy
 + Level 0.1 Translocations
 + Level 0.1 Transmutations
 + Level 0.1 Fire Magic
 + Level 0.1 Ice Magic
 + Level 0.1 Air Magic
 + Level 0.1 Earth Magic
 + Level 0.1 Poison Magic
 + Level 0.3 Invocations
 + Level 4.4 Evocations


You couldn't memorise any spells.
You didn't know any spells.
Your spell library was empty.

Dungeon Overview and Level Annotations

Branches:
Dungeon (1/15)

Altars:


Innate Abilities, Weirdness & Mutations

Your experience applies equally to all skills.
You have very sharp teeth.
Your uncanny sense of smell can sniff out nearby items.


Message History

Welcome, CryoSword the Gnoll Wanderer.
Will you prevail where others failed? Will you find the Orb of Zot?
Found 2 potions of curing.
Found a staircase leading out of the dungeon.
You begin with the following items: a +0 club, 2 potions of curing {@q1}, a +2 scale mail.
b - 4 potions of curing {@q1} (gained 2) Could not explore, unopened door.
Could not explore, unopened door.
You open the door.
There is an open door here.
Found 12 stones and a leather armour.
You see here 12 stones.
Found a stone staircase leading down.
You open the door.
There is an open door here.
A hobgoblin comes into view. It is wielding a +0 club.
The hobgoblin shouts!
A hobgoblin is nearby!
A hobgoblin is nearby!
A bat, a hobgoblin and a kobold come into view.
The bat closely misses you.
The hobgoblin hits you but does no damage.
You hit the bat but do no damage. The bat hits you but does no damage.
The bat closely misses you.
A goblin comes into view. It is wielding a +0 club.
The hobgoblin closely misses you. The bat hits you but does no damage.
You closely miss the bat.
The goblin shouts!
The bat hits you but does no damage. x2; The hobgoblin barely misses you.
You hit the hobgoblin.
You kill the hobgoblin!
The bat barely misses you. x2; The hobgoblin closely misses you.
A hobgoblin comes into view. It is wielding a +0 club.
The kobold barely misses you.
You hit the kobold. The bat closely misses you.
The hobgoblin closely misses you. The kobold hits you but does no damage.
The hobgoblin hits you but does no damage.
The kobold drinks a potion.
The kobold seems to grow stronger.
The bat completely misses you. The bat barely misses you.
You barely miss the bat. The bat hits you but does no damage.
The hobgoblin hits you but does no damage.
The bat hits you but does no damage. The bat completely misses you.
A hobgoblin opens the door.
The bat hits you but does no damage.
There is an open door here.
The bat hits you but does no damage. The bat barely misses you.
You hit the hobgoblin but do no damage.
You bite the hobgoblin, but do no damage.
The bat hits you but does no damage. x2; The hobgoblin barely misses you.
You hit the hobgoblin. The bat hits you but does no damage.
The bat closely misses you. The hobgoblin completely misses you.
You barely miss the hobgoblin. The bat hits you. The bat closely misses you.
The hobgoblin hits you but does no damage.
The bat closely misses you.
You completely miss the hobgoblin. The bat closely misses you. x3
The hobgoblin hits you with a +0 club. The hobgoblin barely misses you.
You barely miss the hobgoblin. The bat hits you.
The bat hits you but does no damage. The bat closely misses you.
The hobgoblin hits you with a +0 club. The bat hits you but does no damage.
You barely miss the hobgoblin. The bat hits you but does no damage. x2
The hobgoblin hits you but does no damage.
The bat hits you but does no damage. x2; The kobold throws a stone.
The stone hits you. The bat hits you.
* * * LOW HITPOINT WARNING * * *
The bat closely misses you. The bat closely misses you.
The bat hits you but does no damage. The bat hits you but does no damage.
The bat closely misses you. The goblin barely misses you.
You closely miss the hobgoblin.
The hobgoblin hits you but does no damage.
You hit the hobgoblin.
The hobgoblin hits you but does no damage.
You barely miss the hobgoblin. Your bite misses the hobgoblin.
The hobgoblin barely misses you.
You hit the hobgoblin.
The hobgoblin hits you but does no damage.
The hobgoblin hits you with a +0 club.
* * * LOW HITPOINT WARNING * * *
You hit the hobgoblin.
You kill the hobgoblin!
The kobold no longer looks unusually strong.
The bat hits you but does no damage. x2
You hit the bat but do no damage. The bat hits you but does no damage. x2
You hit the bat.
You kill the bat!
The goblin barely misses you.
You hit the goblin but do no damage. The goblin closely misses you.
You closely miss the goblin. You bite the goblin. The goblin barely misses you.
You closely miss the goblin. The goblin hits you but does no damage.
You hit the goblin.
You kill the goblin!
The kobold hits you with a +0 short sword.
* * * LOW HITPOINT WARNING * * *
You barely miss the kobold.
The kobold hits you with a +0 short sword.
* * * LOW HITPOINT WARNING * * *
You closely miss the kobold. The kobold closely misses you.
You barely miss the kobold.
The kobold hits you but does no damage. x2
You hit the kobold. The kobold closely misses you.
You hit the kobold.
You kill the kobold!
You hit the hobgoblin but do no damage.
The hobgoblin hits you but does no damage.
You hit the hobgoblin but do no damage. Your bite misses the hobgoblin.
The hobgoblin hits you but does no damage.
You barely miss the hobgoblin. The hobgoblin closely misses you.
You hit the hobgoblin but do no damage. Your bite misses the hobgoblin.
The hobgoblin hits you but does no damage.
You closely miss the hobgoblin.
The hobgoblin hits you but does no damage. x2
You hit the hobgoblin but do no damage.
The hobgoblin hits you but does no damage.
You closely miss the hobgoblin. The hobgoblin barely misses you.
You hit the hobgoblin. The hobgoblin barely misses you.
You hit the hobgoblin but do no damage. Your bite misses the hobgoblin.
The hobgoblin hits you but does no damage.
You hit the hobgoblin. The hobgoblin closely misses you.
You hit the hobgoblin but do no damage.
The hobgoblin hits you but does no damage.
The hobgoblin closely misses you.
You closely miss the hobgoblin.
The hobgoblin hits you but does no damage.
You hit the hobgoblin. The hobgoblin closely misses you.
You hit the hobgoblin but do no damage. The hobgoblin barely misses you.
You barely miss the hobgoblin.
You bite the hobgoblin, but do no damage.
The hobgoblin hits you but does no damage.
Your scale mail prevents you from hitting the hobgoblin.
The hobgoblin hits you with a +0 club.
* * * LOW HITPOINT WARNING * * *
The hobgoblin hits you with a +0 club.
* * * LOW HITPOINT WARNING * * *
You completely miss the hobgoblin. The hobgoblin barely misses you.
You barely miss the hobgoblin. Your bite misses the hobgoblin.
The hobgoblin barely misses you.
You closely miss the hobgoblin. The hobgoblin hits you with a +0 club.
* * * LOW HITPOINT WARNING * * *
You hit the hobgoblin but do no damage.
The hobgoblin hits you but does no damage.
You hit the hobgoblin but do no damage. The hobgoblin hits you with a +0 club.
You die...

.>.+...+....#...#...
.#.#...##.#.#...#... .
......##.#.#...'.).
..##.......#.#...#...
...........'.......
...###.#.....###....##.
. ...........## #....# .
#...######...####....#
.......@g...............
....#.###([..........##.
. ....##....##....... ##
#.##..............
#.........##....###
#.###............
#..........#. .
#.##.......# ..
#.....#.##+#


You could see a hobgoblin.

Vanquished Creatures
  A goblin (D:1)
  2 hobgoblins (D:1)
  A kobold (D:1)
  A bat (D:1)
5 creatures vanquished.

Notes
Turn   | Place    | Note
-------+----------+-------------------------------------------
     0 | D:1      | CryoSword the Gnoll Wanderer began the quest for the Orb.
     0 | D:1      | CryoSword set off with the following items: a +0 club, 2
                  | potions of curing {@q1}, a +2 scale mail
     0 | D:1      | Reached XP level 1. HP: 20/20 MP: 1/1
   105 | D:1      | Slain by a hobgoblin

Illustrated notes

Levels and vault maps discovered:
D:1:      dpeg_arrival_tiny_a, layout_basic, serial_bayou_pond_d,
          nrook_mini_vaults

Action                   || total
-------------------------++-------
Melee: Club              ||    48
       Bite              ||     3
Armor: Scale mail        ||    43
Dodge: Dodged            ||    43

Table legend: (Time is in decaauts)
 A = Elapsed time spent in this place.
 B = Non-inter-level travel time spent in this place.
 C = Inter-level travel time spent in this place.
 D = Time resting spent in this place.
 E = Time spent auto-exploring this place.
 F = Levels seen in this place.
 G = Mean time per level.
                   A        B        C        D        E       F      G
               +--------+--------+--------+--------+--------+-----+--------+
         Total |    118 |    118 |      0 |      0 |     35 |   1 |  118.0 |
       Dungeon |    118 |    118 |      0 |      0 |     35 |   1 |  118.0 |
               +--------+--------+--------+--------+--------+-----+--------+

Top non-repeatable levels by time:
     D:1: 118 daAuts
